AoeStats
← Reis

Arena

507017203Analyzed
4v4 RM · 17d ago on Sep 16, 2026· 17m 1s· 8 players
Game mode
Random Map
Map size
Large (8 player)
Population
200
Speed
Normal
Resources
Standard
Victory
Conquest
Starting age
Dark Age
Ending age
Imperial Age
RankedLock teamsTeams togetherTeam positionsShared explorationLock speedFull tech treeHidden civsTurbo modeCheats
Victory
Defeat
🇦🇷 Wei · Argentina
1503
+9
🇮🇳 Turks · India
1450
+11
🇨🇳 Vikings · China
1426
+12
🇨🇳 Celts · China
1378
+14
🇲🇽 Malay · Mexico
1388
-13
🇭🇰 Spanish · Hong Kong SAR China
1335
-11
🇨🇿 Bohemians · Czechia
1317
-11
🇨🇭 Bulgarians · Switzerland
1314
-11
ImperialSheep
10:25 Feudal Age
14:18 Castle Age
12:53 Double-Bit Axe
13:14 Horse Collar
16:15 Loom
2067
10:57 Feudal Age
14:35 Castle Age
12:47 Double-Bit Axe
14:08 Horse Collar
15:45 Bow Saw
16:23 Loom
野象
2:37 Loom
11:15 Feudal Age
15:17 Castle Age
13:37 Double-Bit Axe
13:34 Horse Collar
16:05 Heavy Plow
16:17 Bow Saw
中國香港玩家
10:51 Feudal Age
10:39 Loom
14:46 Castle Age
13:10 Double-Bit Axe
13:50 Horse Collar
dulinek
9:50 Feudal Age
10:15 Double-Bit Axe
10:12 Horse Collar
12:01 Loom
12:16 Loom
16:59 Castle Age
[GDL] ColimoteStudioS
11:02 Feudal Age
12:03 Double-Bit Axe
11:58 Horse Collar
17:07 Castle Age
Reis
10:12 Feudal Age
14:53 Castle Age
13:58 Loom
武帝曹操
3:25 Loom
10:22 Feudal Age
14:45 Castle Age
13:16 Horse Collar
Connection lost

Rejoining the realm…

Still unreachable

The connection could not be restored.

Session expired

The server has moved on; the page needs a fresh start.